 Dungeon Crawl Stone Soup version 0.20.1-1-g8b1a95d (webtiles) character file.

97798 Monsterracer the Spear-Bearer (level 15, -15/129 HPs)
             Began as a Demigod Wanderer on Dec 18, 2017.
             Demolished by a very large slime creature (48 damage)
             ... on level 13 of the Dungeon on Dec 22, 2017.
             The game lasted 02:17:23 (36570 turns).

Monsterracer the Spear-Bearer (Demigod Wanderer)   Turns: 36570, Time: 02:17:23

Health: -15/129    AC: 23    Str: 17    XL:     15   Next: 28%
Magic:  5/28       EV: 15    Int: 22    God:
Gold:   2270       SH: 11    Dex: 15    Spells: 5/26 levels left

rFire    + . .     SeeInvis .   a - +5 demon trident
rCold    + . .     Gourm    .   m - +0 shield
rNeg     . . .     Faith    .   y - +2 leather armour of Horyogoll {Slay+5}
rPois    .         Spirit   .   j - +1 helmet
rElec    .         Reflect  .   l - +1 cloak
rCorr    .         Harm     .   A - +2 pair of gloves
MR       ++...                  N - +2 pair of boots
Stlth    ++........             F - amulet of regeneration
Regen    1.8/turn               R - ring of protection from cold {!d}
MPRegen  0.3/turn               E - ring of wizardry

@: icy armour, regenerating (expiring), slow
A: clumsy 1, fire resistance 1, high mp 1, magic resistance 1, wild magic 1
a: no special abilities


You were on level 13 of the Dungeon.
You were hungry.

You visited 3 branches of the dungeon, and saw 21 of its levels.
You also visited: Labyrinth and Ice Cave.

You collected 2807 gold pieces.
You spent 537 gold pieces at shops.

Inventory:

Hand Weapons
 a - a +5 demon trident (weapon)
 b - a +0 scimitar of flaming
Missiles
 q - 2 throwing nets (quivered)
Armour
 j - a +1 helmet (worn)
 l - a +1 cloak (worn)
 m - a +0 shield (worn)
 y - the +2 leather armour of Horyogoll (worn) {Slay+5}
   (You found it on level 7 of the Dungeon)

   It affects your accuracy and damage with ranged weapons and melee attacks
   (+5).
 A - a +2 pair of gloves (worn)
 N - a +2 pair of boots (worn)
Magical Staves
 w - an uncursed staff of wizardry {!a}
Jewellery
 g - an uncursed ring of protection from magic {!d}
 E - a ring of wizardry (right hand)
 F - an amulet of regeneration (around neck)
 L - an uncursed ring of positive energy {!d}
 R - a ring of protection from cold (left hand) {!d}
 V - an uncursed ring of magical power
Wands
 p - a wand of iceblast (2/15)
 s - a wand of digging (18/24)
 C - a wand of acid (11/15)
 I - a wand of acid (3/15)
 J - a wand of acid (7/15)
 S - a wand of iceblast (5/15)
 X - a wand of lightning (4/15)
Scrolls
 k - 7 scrolls of remove curse
 u - a scroll of blinking
 B - 4 scrolls of magic mapping {!r}
 G - 3 scrolls of recharging
 M - 3 scrolls of teleportation
 P - 4 scrolls of fog
 Q - 3 scrolls of amnesia
 U - 7 scrolls of identify
Potions
 c - a potion of lignification
 e - 4 potions of brilliance
 h - 5 potions of curing
 i - a potion of agility
 n - 6 potions of flight
 r - 2 potions of might
 t - 4 potions of haste
 x - 3 potions of mutation {!q}
 z - a potion of ambrosia {!q}
 H - 8 potions of heal wounds
 K - a potion of resistance
 W - a potion of invisibility
Books
 O - a book of Debilitation

   Spells                             Type                      Level
   a - Corona                         Hexes                        1
   b - Slow                           Hexes                        2
   c - Inner Flame                    Hexes/Fire                   3
   d - Portal Projectile              Hexes/Translocation          3
   e - Cause Fear                     Hexes                        4
   f - Leda's Liquefaction            Hexes/Earth                  4
Comestibles
 d - 24 royal jellies
 f - 6 bread rations
 o - 3 chunks of flesh
 v - a meat ration


   Skills:
 + Level 11.1 Fighting
 - Level 8.9 Long Blades
 * Level 12.2 Polearms
 - Level 8.3 Dodging
 - Level 1.0 Stealth
 + Level 7.6 Shields
 + Level 6.2 Spellcasting
 - Level 3.1 Conjurations
 - Level 5.0 Charms
 - Level 10.0 Necromancy
 + Level 7.8 Ice Magic
   Level 1.0 Poison Magic
 - Level 1.0 Evocations


You had 5 spell levels left.
You knew the following spells:

 Your Spells              Type           Power        Failure   Level  Hunger
a - Throw Icicle          Conj/Ice       #####...     16%         4    ###....
b - Vampiric Draining     Necr           ######....   1%          3    #......
c - Regeneration          Chrm/Necr      ######....   2%          3    #......
d - Ozocubu's Armour      Chrm/Ice       #####...     4%          3    #......
e - Control Undead        Necr           ######....   3%          4    ###....
f - Animate Dead          Necr           N/A          3%          4    ###....


Dungeon Overview and Level Annotations

Branches:
Dungeon (13/15)            Temple (0/1) D:5            Lair (6/6) D:10
  Swamp (0/4) Lair:4       Spider (0/4) Lair:4        Slime (0/5) Lair:5
    Orc (2/2) D:12            Elf (0/3) Orc:2        Vaults (0/5) D:13

Shops:
D:9 !   Orc:1 !   Orc:2 :?(}(


Innate Abilities, Weirdness & Mutations

You have an increased reservoir of magic. (+10% MP)
You are clumsy. (Dex -2)
Your flesh is heat resistant. (rF+)
You are resistant to hostile enchantments. (MR+)
Your spells are a little harder to cast, but a little more powerful.


Message History

Your soldier ant zombie hits the slime creature!
The slime creature dies!
The slime creature misses you.
You regained 2 hp, and now have 59/129 hp.
Casting: Regeneration
Confirm with . or Enter, or press ? or * to list all spells.
A film of ice covers your body!
Your centaur warrior zombie barely misses the slime creature.
The slime creature hits you but does no damage.
Your centaur warrior zombie hits the slime creature.
Your soldier ant zombie hits the slime creature!
You block the slime creature's attack.
An orc comes into view. It is wielding a flail.
You now have 21/28 mp.
You puncture the slime creature!
The slime creature is heavily wounded.
The slime creature hits you but does no damage.
Your centaur warrior zombie hits the slime creature!
You block the slime creature's attack.
You regained 2 hp, and now have 62/129 hp.
You impale the slime creature!!
The slime creature is almost dead.
Two slime creatures merge to form a large slime creature.
Your soldier ant zombie hits the large slime creature!
Your centaur warrior zombie hits the large slime creature but does no damage.
Casting: Ozocubu's Armour
Confirm with . or Enter, or press ? or * to list all spells.
Aiming: Vampiric Draining
Press: ? - help, Shift-Dir - straight line, f - large slime creature
Aim: a large slime creature (heavily wounded)
The large slime creature is heavily wounded.
You feel life coursing into your body. You block the slime creature's attack.
Your centaur warrior zombie hits the large slime creature.
You block the large slime creature's attack.
Your soldier ant zombie hits the large slime creature.
You regained 7 hp, and now have 70/129 hp.
You now have 19/28 mp.
Casting: Vampiric Draining
Confirm with . or Enter, or press ? or * to list all spells.
Aiming: Vampiric Draining
Press: ? - help, Shift-Dir - straight line, f/p - large slime creature
Aim: a large slime creature (severely wounded)
The large slime creature is severely wounded.
You feel life coursing into your body.
Your skin is crawling a little less now.
Your centaur warrior zombie barely misses the large slime creature.
You block the slime creature's attack.
Two slime creatures merge to form a large slime creature.
The large slime creature hits you!
Two slime creatures merge to form a very large slime creature.
You take 5 damage, and have 65/129 hp.
You now have 16/28 mp.
Unknown command.
Casting: Vampiric Draining
Confirm with . or Enter, or press ? or * to list all spells.
Aiming: Vampiric Draining
Press: ? - help, Shift-Dir - straight line, f/p - large slime creature
Aim: a large slime creature (severely wounded)
The large slime creature is severely wounded.
You feel life coursing into your body.
Your centaur warrior zombie hits the large slime creature!
Your soldier ant zombie hits the large slime creature but does no damage.
The very large slime creature barely misses you.
The large slime creature barely misses you.
Your centaur warrior zombie hits the large slime creature.
You regained 5 hp, and now have 70/129 hp.
You now have 13/28 mp.
Casting: Vampiric Draining
Confirm with . or Enter, or press ? or * to list all spells.
Aiming: Vampiric Draining
Press: ? - help, Shift-Dir - straight line, f/p - large slime creature
Aim: a large slime creature (almost dead)
The large slime creature is almost dead.
You feel life coursing into your body.
The very large slime creature hits you!!!
* * * LOW HITPOINT WARNING * * *
Your soldier ant zombie barely misses the large slime creature.
Your centaur warrior zombie hits the large slime creature.
A large slime creature splits.
You take 43 damage, and have 27/129 hp.
MASSIVE DAMAGE!!
You now have 10/28 mp.
Casting: Vampiric Draining
Confirm with . or Enter, or press ? or * to list all spells.
Aiming: Vampiric Draining
Press: ? - help, Shift-Dir - straight line, f/p - slime creature
Aim: a slime creature (almost dead)
You kill the slime creature!
You feel life coursing into your body.
The very large slime creature completely misses you.
The orc hits your soldier ant zombie with a flail.
Your soldier ant zombie hits the orc but does no damage.
You regained 2 hp, and now have 29/129 hp.
You now have 8/28 mp.
Casting: Vampiric Draining
Confirm with . or Enter, or press ? or * to list all spells.
Aiming: Vampiric Draining
Press: ? - help, Shift-Dir - straight line, f - slime creature
Aim: a slime creature (almost dead)
You kill the slime creature!
You feel life coursing into your body.
The very large slime creature hits you!!!
You die...

.........#.Z....#
.........#.###..#
.........'.###..#
.........#......#
.........#......#
####.....#......#
#######......#
.........###+###
......oZ@.......
........JZ.....#.
###............#
#...#.$?.....#
#...#......).#
... #........# ..
#........#
#.........


You could see a very large slime creature, an orc, a friendly soldier ant zombie
and a friendly centaur warrior zombie.

Vanquished Creatures
  Kirke (Lair:3)
  A frost giant (IceCv)
  An orc warlord (Orc:1)
  A minotaur (Lab)
  An ogre mage (Orc:2)
  2 vault guards (D:13)
  Harold (Lair:4)
  4 hydras (Lair:4)
  Erica (D:8)
  A centaur warrior (D:13)
  A merfolk avatar (Lair:6)
  4 two-headed ogres
  11 death yaks
  Urug (Lair:3)
  An orc high priest (Orc:2)
  Nergalle (Orc:2)
  A fire crab (Lair:6)
  4 skeletal warriors (D:11)
  An unseen horror (D:10)
  A lindwurm (Lair:4)
  A harpy (Lair:6)
  2 orc knights (Orc:2)
  A necromancer (D:13)
  3 manticores (Lair:6)
  7 orc sorcerers (Orc:2)
  A cyclops (D:12)
  3 ugly things
  A wolf spider (Lair:4)
  2 elephants (Lair:6)
  6 black mambas
  2 ice statues (IceCv)
  18 spiny frogs
  A gargoyle (D:13)
  Psyche (D:10)
  2 rime drakes (Lair:6)
  A yaktaur (D:13)
  13 komodo dragons
  23 polar bears
  A queen bee (Lair:1)
  11 trolls
  A hornet (shapeshifter) (D:13)
  4 hornets
  6 slime creatures
  28 blink frogs
  9 hippogriffs
  2 shadows (Lab)
  4 wraiths (Orc:2)
  A vampire (D:10)
  4 hogs (Lair:3)
  44 yaks
  Eustachio (D:6)
  17 humans (D:13)
  6 hungry ghosts
  3 basilisks
  2 wargs (Orc:2)
  Edmund (D:6)
  4 swamp worms
  Menkaure (D:7)
  2 soldier ants
  18 water moccasins
  Duvessa (D:6)
  14 porcupines
  2 sky beasts (D:9)
  An eye of draining (shapeshifter) (D:13)
  21 orc warriors
  4 ice beasts
  An eye of draining (D:12)
  2 necrophages (D:9)
  The ghost of homeworkjunkie the Skirmisher, an amateur HOFi (D:3)
  21 ogres
  26 wolves
  14 centaurs
  12 crocodiles
  20 bullfrogs
  5 big kobolds
  A gnoll sergeant (D:5)
  A wyvern zombie (D:8)
  A wyvern skeleton (D:11)
  6 scorpions
  Dowan (D:6)
  19 killer bees
  6 electric eels
  12 wights
  4 howler monkeys
  6 crimson imps
  3 centaur zombies
  A bullfrog zombie (D:5)
  A quasit (D:7)
  2 jellies
  19 orc priests
  6 hounds
  2 centaur skeletons
  5 bullfrog skeletons
  8 iguanas
  16 worker ants
  38 orc wizards
  2 hound skeletons
  2 worker ant zombies (D:6)
  A howler monkey skeleton (D:10)
  10 gnolls
  13 adders
  3 shadow imps
  2 oozes (D:2)
  3 adder zombies
  An adder skeleton (D:5)
  4 worms
  7 dart slugs
  5 leopard geckos
  96 orcs
  4 ball pythons
  6 giant cockroaches
  6 goblins
  10 hobgoblins
  18 jackals
  2 quokkas
  15 bats
  7 frilled lizards
  29 kobolds
  8 rats
855 creatures vanquished.

Vanquished Creatures (collateral kills)
  Josephine (Orc:2)
  An ogre mage (Orc:2)
  A skeletal warrior (D:11)
  A sea snake (Lair:6)
  A lindwurm (Lair:6)
  A rime drake (Lair:6)
  2 hornets (Lair:6)
  A polar bear (IceCv)
  2 blink frogs (Lair:6)
  A slime creature (D:13)
  2 basilisks
  3 humans (D:13)
  2 water moccasins (Lair:6)
  An ice beast (D:11)
  An ogre (Orc:2)
  2 wolves (IceCv)
  An orc priest (Orc:2)
  An orc wizard (Orc:2)
  6 orcs
  A plant (Lair:6)
32 creatures vanquished.

Vanquished Creatures (others)
  A wizard (D:13)
  2 humans (Lair:3)
  A swamp drake (Lair:4)
  An iguana (D:9)
  2 orc wizards (Orc:2)
  2 orcs (Orc:1)
  A giant cockroach (D:6)
  11 fungi
  25 plants
46 creatures vanquished.

Grand Total: 933 creatures vanquished

Notes
Turn   | Place    | Note
-------+----------+-------------------------------------------
     0 | D:1      | Monsterracer the Demigod Wanderer began the quest for the Orb.
     0 | D:1      | Monsterracer set off with: a book of Necromancy, the Handbook of Black Arts, a scroll of teleportation, a +0 robe, a +0 dagger, a bread ration
     0 | D:1      | Reached XP level 1. HP: 14/14 MP: 4/4
     0 | D:1      | Identified the Handbook of Black Arts
     2 | D:1      | Learned a level 1 spell: Pain
   575 | D:1      | HP: 7/14 [hobgoblin/club (1)]
   576 | D:1      | Reached XP level 2. HP: 10/20 MP: 2/6
  1065 | D:1      | HP: 9/20 [dart slug/slug dart (3)]
  1568 | D:1      | Reached XP level 3. HP: 26/26 MP: 6/8
  1573 | D:1      | Learned a level 3 spell: Vampiric Draining
  2723 | D:2      | Reached XP level 4. HP: 26/33 MP: 2/10
  2728 | D:2      | Learned a level 3 spell: Regeneration
  2887 | D:2      | Found a snail-covered altar of Cheibriados.
  3071 | D:3      | Noticed homeworkjunkie's ghost (amateur HOFi)
  4215 | D:3      | Found an opulent altar of Gozag.
  4348 | D:3      | HP: 4/33 [homeworkjunkie's ghost (14)]
  4354 | D:2      | HP: 9/33 [rat (2)]
  4468 | D:2      | Reached XP level 5. HP: 24/38 MP: 11/11
  4770 | D:3      | Learned a level 1 spell: Animate Skeleton
  4880 | D:3      | HP: 15/38 [homeworkjunkie's ghost (8)]
  5270 | D:3      | Killed homeworkjunkie's ghost
  5270 | D:3      | Reached skill level 5 in Necromancy
  5431 | D:4      | Reached XP level 6. HP: 41/45 MP: 7/13
  6018 | D:4      | Reached skill level 1 in Fighting
  6433 | D:5      | Entered Level 5 of the Dungeon
  6612 | D:5      | HP: 21/47 [centaur/arrow (13)]
  7103 | D:5      | Reached XP level 7. HP: 46/53 MP: 10/15
  7227 | D:5      | HP: 23/55 [gnoll sergeant/spear of venom (6)]
  7416 | D:5      | HP: 19/55 [gnoll/halberd (11)]
  7446 | D:4      | HP: 23/55 [adder (3)]
  7460 | D:4      | HP: 24/55 [adder (2)]
  7468 | D:4      | HP: 24/55 [poisoned by an adder]
  7475 | D:3      | HP: 23/55 [poisoned by an adder]
  8352 | D:5      | HP: 28/56 [poisoned by a worker ant]
  8357 | D:5      | HP: 27/56 [poisoned by a worker ant]
  8364 | D:5      | HP: 27/56 [poisoned by a worker ant]
  8372 | D:5      | HP: 26/56 [poisoned by a worker ant]
  8410 | D:5      | Reached XP level 8. HP: 51/63 MP: 8/18
  8646 | D:5      | Reached skill level 1 in Long Blades
  8787 | D:5      | Found a staircase to the Ecumenical Temple.
  9044 | D:5      | Found a glowing silver altar of Zin.
  9250 | D:6      | Noticed Menkaure
  9343 | D:6      | Reached skill level 2 in Polearms
  9706 | D:6      | Noticed Duvessa
  9706 | D:6      | Noticed Dowan
  9754 | D:6      | Killed Dowan
  9942 | D:6      | Reached skill level 3 in Polearms
 10073 | D:6      | Noticed a two-headed ogre
 10132 | D:5      | Killed a two-headed ogre
 10132 | D:5      | Reached XP level 9. HP: 72/72 MP: 19/19
 10397 | D:6      | Learned a level 4 spell: Animate Dead
 10479 | D:6      | Noticed Edmund
 10496 | D:6      | HP: 35/72 [Edmund/flail of crushing (5)]
 10501 | D:6      | Killed Edmund
 11024 | D:6      | HP: 33/73 [electric eel/bolt of electricity (9)]
 11025 | D:6      | Reached skill level 5 in Fighting
 11293 | D:6      | Noticed Eustachio
 11320 | D:6      | Killed Eustachio
 11320 | D:6      | Reached skill level 4 in Polearms
 11419 | D:6      | Killed Duvessa
 11882 | D:7      | Found a glowing golden altar of the Shining One.
 12036 | D:7      | Got a translucent leather armour
 12047 | D:7      | Identified the +2 leather armour of Horyogoll {Slay+5} (You found it on level 7 of the Dungeon)
 12171 | D:7      | HP: 30/74 [orc warrior/glaive (25)]
 12386 | D:7      | Killed Menkaure
 12678 | D:7      | Reached skill level 5 in Polearms
 12932 | D:8      | Got a pitted leather armour
 12943 | D:8      | Identified the cursed +0 leather armour of Asabekk {*Slow rElec rPois rF+} (You found it on level 8 of the Dungeon)
 13402 | D:8      | Reached XP level 10. HP: 83/83 MP: 20/20
 13416 | D:8      | Found a shadowy altar of Dithmenos.
 13458 | D:8      | Noticed Erica
 13487 | D:8      | HP: 29/83 [something (15)]
 13489 | D:8      | Killed Erica
 13489 | D:8      | Reached skill level 5 in Dodging
 13499 | D:8      | HP: 41/83 [orc/dagger (1)]
 13978 | D:8      | HP: 36/83 [orc warrior/battleaxe (17)]
 14611 | D:8      | HP: 42/84 [poisoned by a soldier ant]
 14616 | D:8      | HP: 40/84 [poisoned by a soldier ant]
 14622 | D:8      | HP: 38/84 [poisoned by a soldier ant]
 14628 | D:8      | HP: 38/84 [poisoned by a soldier ant]
 14636 | D:8      | HP: 37/84 [poisoned by a soldier ant]
 14990 | D:9      | Noticed a two-headed ogre
 15000 | D:9      | Killed a two-headed ogre
 15836 | D:9      | Gained mutation: You are resistant to hostile enchantments. (MR+) [mutagenic meat]
 15837 | D:9      | Gained mutation: You have a pair of small horns on your head. [mutagenic meat]
 15838 | D:9      | Gained mutation: Scrolls take you a little longer to read. [mutagenic meat]
 15840 | D:9      | Lost mutation: You have a pair of small horns on your head. [potion of mutation]
 15840 | D:9      | Lost mutation: You are resistant to hostile enchantments. (MR+) [potion of mutation]
 15840 | D:9      | Lost mutation: Scrolls take you a little longer to read. [potion of mutation]
 15840 | D:9      | Gained mutation: You are resistant to hostile enchantments. (MR+) [potion of mutation]
 15840 | D:9      | Gained mutation: Your flesh is heat resistant. (rF+) [potion of mutation]
 15840 | D:9      | Gained mutation: You are clumsy. (Dex -2) [potion of mutation]
 15840 | D:9      | Gained mutation: Your spells are a little harder to cast, but a little more powerful. [potion of mutation]
 15858 | D:9      | Found Riqempech's Distillery.
 15866 | D:9      | Bought a potion of heal wounds for 75 gold pieces
 15866 | D:9      | Bought a potion of heal wounds for 75 gold pieces
 15866 | D:9      | Bought a potion of curing for 45 gold pieces
 16281 | D:10     | Entered Level 10 of the Dungeon
 16290 | D:9      | Learned a level 4 spell: Control Undead
 16417 | D:9      | Reached skill level 1 in Charms
 16636 | D:10     | Reached XP level 11. HP: 57/92 MP: 14/21
 16825 | D:10     | Noticed a two-headed ogre
 16863 | D:10     | Killed a two-headed ogre
 16879 | D:10     | HP: 41/93 [troll (13)]
 16884 | D:10     | HP: 34/93 [troll (1)]
 17039 | D:10     | Killed an unseen horror
 17250 | D:10     | Found a staircase to the Lair.
 17436 | D:10     | Noticed Psyche
 17443 | D:10     | Killed Psyche
 17443 | D:10     | Reached skill level 10 in Necromancy
 17741 | D:10     | Reached skill level 5 in Long Blades
 17829 | Lair:1   | Entered Level 1 of the Lair of Beasts
 18075 | D:10     | Reached skill level 1 in Shields
 19559 | Lair:2   | HP: 45/95 [spiny frog (10)]
 19564 | Lair:2   | HP: 42/95 [poisoned by a spiny frog]
 19569 | Lair:2   | HP: 40/95 [poisoned by a spiny frog]
 19574 | Lair:2   | HP: 38/95 [poisoned by a spiny frog]
 19579 | Lair:2   | HP: 37/95 [poisoned by a spiny frog]
 19584 | Lair:2   | HP: 38/95 [poisoned by a spiny frog]
 19589 | Lair:2   | HP: 39/95 [poisoned by a spiny frog]
 19596 | Lair:2   | HP: 41/95 [poisoned by a spiny frog]
 19604 | Lair:2   | HP: 45/95 [poisoned by a spiny frog]
 19706 | Lair:2   | Found a frozen archway.
 19758 | IceCv    | Entered an ice cave
 19921 | IceCv    | HP: 40/95 [polar bear (15)]
 20406 | IceCv    | HP: 41/95 [ice beast[an ice statue] (14)]
 20466 | IceCv    | HP: 43/95 [ice statue/freezing blast (29)]
 20470 | IceCv    | HP: 13/95 [ice statue] (12)]
 20475 | IceCv    | HP: 17/95 [ice beast[an ice statue] (2)]
 20536 | IceCv    | HP: 45/95 [ice statue] (18)]
 20538 | IceCv    | Reached XP level 12. HP: 53/103 MP: 20/23
 20841 | IceCv    | Noticed a frost giant
 20868 | IceCv    | HP: 45/104 [frost giant/battleaxe of freezing (25)]
 20868 | IceCv    | Reached skill level 5 in Spellcasting
 20871 | IceCv    | Killed a frost giant
 20873 | IceCv    | HP: 34/104 [yak (8)]
 21551 | Lair:2   | HP: 40/104 [komodo dragon (26)]
 22016 | Lair:3   | Noticed Urug
 22035 | Lair:3   | Killed Urug
 22133 | Lair:3   | Found a labyrinth entrance.
 22189 | Lab      | Entered a labyrinth
 22247 | Lab      | Reached skill level 6 in Polearms
 22996 | Lab      | Noticed a minotaur
 23002 | Lab      | HP: 52/105 [minotaur (12)]
 23006 | Lab      | HP: 25/105 [minotaur (7)]
 23007 | Lab      | Killed a minotaur
 23012 | Lab      | Got a jasper-encrusted leather armour
 23028 | Lab      | Identified the +2 leather armour of Vehumet's Supremacy {-Tele MP+9 Int+8} (You found it in a labyrinth)
 23045 | Lab      | Learned a level 3 spell: Ozocubu's Armour
 23461 | Lair:3   | Reached skill level 1 in Ice Magic
 23715 | Lair:4   | Reached skill level 7 in Polearms
 24089 | Lair:3   | Reached XP level 13. HP: 99/111 MP: 24/24
 24262 | Lair:4   | Reached skill level 8 in Polearms
 24300 | Lair:3   | HP: 49/111 [death yak (16)]
 24442 | Lair:4   | Noticed Kirke
 24459 | Lair:3   | HP: 55/111 [hog[Kirke] (8)]
 24554 | Lair:4   | Noticed a sphinx
 24574 | Lair:3   | Killed Kirke
 24785 | Lair:4   | HP: 52/111 [death yak (10)]
 24791 | Lair:4   | HP: 47/111 [death yak (18)]
 24798 | Lair:4   | HP: 33/111 [death yak (11)]
 24800 | Lair:4   | HP: 9/111 [death yak (25)]
 24805 | Lair:4   | HP: 16/111 [death yak (2)]
 24952 | Lair:3   | Learned a level 4 spell: Throw Icicle
 24995 | Lair:4   | Reached skill level 9 in Polearms
 25347 | Lair:4   | Reached skill level 1 in Conjurations
 25348 | Lair:4   | Found a hole to the Spider Nest.
 25358 | Lair:4   | Noticed Harold
 25706 | Lair:2   | HP: 54/112 [polar bear (18)]
 25838 | Lair:4   | Found a staircase to the Swamp.
 26116 | Lair:4   | Reached skill level 5 in Shields
 26156 | Lair:4   | Reached skill level 5 in Ice Magic
 26289 | Lair:4   | You fall through a shaft for 2 floors!
 26289 | Lair:6   | Entered Level 6 of the Lair of Beasts
 26299 | Lair:5   | HP: 49/113 [komodo dragon (26)]
 26305 | Lair:5   | HP: 52/113 [poisoned by a spiny frog]
 26587 | Lair:5   | Found a viscous altar of Jiyva.
 26587 | Lair:5   | Found a staircase to the Slime Pits.
 26625 | Lair:5   | Reached skill level 10 in Fighting
 27068 | Lair:3   | HP: 47/113 [swamp worm (12)]
 27073 | Lair:3   | HP: 44/113 [swamp worm (19)]
 27080 | Lair:3   | HP: 22/169 [large slime creature (25)]
 27082 | Lair:3   | HP: 5/169 [large slime creature (16)]
 27089 | Lair:3   | HP: 26/113 [poisoned by a spiny frog]
 27095 | Lair:3   | HP: 32/113 [poisoned by a spiny frog]
 27382 | Lair:4   | Killed Harold
 28495 | Lair:5   | Reached skill level 10 in Polearms
 28580 | Lair:5   | Reached XP level 14. HP: 80/121 MP: 21/25
 28782 | Lair:6   | HP: 60/121 [komodo dragon (10)]
 28795 | Lair:5   | HP: 59/121 [komodo dragon (24)]
 29213 | Lair:6   | HP: 53/121 [manticore (19)]
 29218 | Lair:6   | HP: 41/121 [poisoned by a water moccasin]
 29223 | Lair:5   | HP: 44/121 [poisoned by a water moccasin]
 29228 | Lair:5   | HP: 49/121 [poisoned by a water moccasin]
 29233 | Lair:5   | HP: 54/121 [poisoned by a water moccasin]
 29465 | Lair:6   | HP: 57/121 [komodo dragon (27)]
 29470 | Lair:6   | HP: 41/121 [poisoned by a spiny frog]
 29473 | Lair:6   | HP: 14/121 [blink frog (11)]
 29478 | Lair:6   | HP: 36/121 [poisoned by a hornet]
 29483 | Lair:6   | HP: 50/121 [poisoned by a hornet]
 29489 | Lair:6   | HP: 58/121 [poisoned by a hornet]
 30836 | Lair:3   | HP: 61/122 [death yak (21)]
 30841 | Lair:3   | HP: 44/122 [death yak (17)]
 30917 | Lair:4   | HP: 53/122 [death yak (23)]
 30918 | Lair:4   | HP: 15/122 [death yak (17)]
 30946 | Lair:3   | HP: 37/122 [death yak (19)]
 31046 | Lair:4   | Reached skill level 11 in Polearms
 31063 | Lair:4   | HP: 61/122 [death yak (25)]
 32049 | D:12     | Paralysed by a hornet for 1 turns
 32256 | D:12     | Found a staircase to the Orcish Mines.
 32670 | D:12     | Reached skill level 5 in Charms
 33307 | Orc:1    | Entered Level 1 of the Orcish Mines
 33480 | Orc:2    | Entered Level 2 of the Orcish Mines
 33480 | Orc:2    | Found Suvoebl Ogeo's Antique Weapon Emporium.
 33485 | Orc:2    | Noticed an orc warlord
 33556 | Orc:1    | HP: 56/122 [orc warrior/flail (13)]
 33566 | Orc:1    | HP: 41/122 [orc warrior/battleaxe[an orc warlord] (13)]
 33664 | Orc:1    | Killed an orc warlord
 33839 | Orc:2    | Found a staircase to the Elven Halls.
 33956 | Orc:1    | Noticed Josephine
 34052 | Orc:2    | HP: 51/122 [orc warrior/dire flail (19)]
 34146 | Orc:2    | Killed Josephine
 34581 | Orc:1    | Found Meg Ryiv's Distillery.
 34584 | Orc:1    | Bought a potion of heal wounds for 70 gold pieces
 34584 | Orc:1    | Bought a potion of heal wounds for 70 gold pieces
 34716 | Orc:1    | Bought a potion of invisibility for 112 gold pieces
 34889 | Orc:2    | HP: 57/122 [orc sorcerer/bolt of fire (17)]
 35011 | Orc:2    | Found an ancient bone altar of Kikubaaqudgha.
 35024 | Orc:2    | Noticed Nergalle
 35054 | Orc:2    | Killed Nergalle
 35057 | Orc:2    | HP: 55/122 [orc sorcerer/bolt of fire (12)]
 35063 | Orc:2    | HP: 42/122 [orange demon[an orc sorcerer] (5)]
 35068 | Orc:2    | HP: 35/122 [orange demon[an orc sorcerer] (7)]
 35103 | Orc:2    | Reached XP level 15. HP: 73/128 MP: 21/27
 35154 | Orc:2    | Found Zioss's Antique Weapon Emporium.
 35189 | Orc:2    | Found a radiant altar of Vehumet.
 35266 | Orc:2    | Found a roughly hewn altar of Beogh.
 35266 | Orc:2    | Found Bear's Gadget Emporium.
 35267 | Orc:2    | Found Kualepn's Book Shoppe.
 35333 | Orc:2    | Found Nodaor's Magic Scroll Shoppe.
 35358 | Orc:2    | Bought a scroll of enchant armour for 90 gold pieces
 35981 | D:13     | Reached skill level 12 in Polearms
 36121 | D:13     | Found a gate to the Vaults.
 36152 | D:13     | HP: 63/129 [vault guard/broad axe of freezing (4)]
 36557 | D:13     | HP: 54/129 [large slime creature (20)]
 36568 | D:13     | HP: 27/129 [very large slime creature (51)]
 36570 | D:13     | Demolished by a very large slime creature

Skill      XL: |  1  2  3  4  5  6  7  8  9 10 11 12 13 14 15 |
---------------+----------------------------------------------+-----
Necromancy     | 3 4 5 6 7 8 9 10 | 10.0
Spellcasting   | 2 3 4 5 6 |  6.2
Fighting       | 1 3 4 5 7 8 9 10 11 | 11.1
Long Blades    | 2 3 7 8 |  8.9
Polearms       | 3 5 7 10 11 12 | 12.2
Dodging        | 3 4 6 7 8 |  8.3
Charms         | 1 2 3 5 |  5.0
Shields        | 3 4 5 7 |  7.6
Ice Magic      | 2 5 7 |  7.8
Conjurations   | 3 |  3.1
Stealth        | |  1.0
Poison Magic   | |  1.0
Evocations     | |  1.0

Action                   |  1- 3 |  4- 6 |  7- 9 | 10-12 | 13-15 || total
-------------------------+-------+-------+-------+-------+-------++-------
Melee: Dagger            |    10 |       |       |       |       ||    10
       Short sword       |    49 |     1 |       |       |       ||    50
       Falchion          |       |   103 |   109 |       |       ||   212
       Spear             |       |       |   268 |   128 |       ||   396
       Scimitar          |       |       |       |   577 |    23 ||   600
       Demon trident     |       |       |       |    86 |  1635 ||  1721
       Great sword       |       |       |       |    13 |       ||    13
 Cast: Pain              |    76 |    74 |    78 |    59 |       ||   287
       Vampiric Draining |     1 |     7 |    38 |   143 |   161 ||   350
       Regeneration      |       |     4 |    14 |    53 |   113 ||   184
       Animate Dead      |       |       |     3 |     4 |    25 ||    32
       Control Undead    |       |       |       |     1 |     1 ||     2
       Ozocubu's Armour  |       |       |       |     3 |    47 ||    50
       Throw Icicle      |       |       |       |       |    18 ||    18
 Abil: Evoke Berserk Rag |       |       |       |       |     1 ||     1
Evoke: Wand              |       |       |       |     1 |     4 ||     5
  Use: Scroll            |     3 |     5 |    10 |    11 |    15 ||    44
       Potion            |       |       |     2 |     5 |     4 ||    11
 Stab: Sleeping          |     4 |       |     4 |     2 |     4 ||    14
       Distracted        |       |       |     2 |     2 |     5 ||     9
       Betrayed ally     |       |       |       |     1 |       ||     1
       Confused          |       |       |       |       |     1 ||     1
  Eat: Chunk             |     7 |    16 |    14 |    46 |    54 ||   137
       Meat ration       |       |       |     1 |     1 |     1 ||     3
       Bread ration      |       |       |     1 |       |     3 ||     4
       Fruit             |       |       |       |     9 |     2 ||    11
       Royal jelly       |       |       |       |       |     1 ||     1
Armor: Robe              |    29 |    29 |       |       |       ||    58
       Leather armour    |       |    25 |    65 |   371 |   557 ||  1018
       Ring mail         |       |     2 |    72 |       |       ||    74
Dodge: Dodged            |    70 |   122 |   253 |  1014 |  1269 ||  2728
Block: Shield            |       |       |       |       |   274 ||   274
       Rpst.: Falchion   |       |    32 |    36 |       |       ||    68
       Scimitar          |       |       |       |   218 |     5 ||   223
       Great sword       |       |       |       |     4 |       ||     4

Vault maps used:
D:1:      evilmike_arrival_crescent
D:2:      wad_crossroads, lemuel_crystal_altar, first_bread
D:3:      nicolae_overflow_crystal_walls, roderic_serpentine_path
D:5:      zin_academy, minmay_temple_entry_butterflies
D:6:      kennysheep_big_flooded_room, uniq_duvessa, uniq_menkaure, uniq_edmund,
          uniq_eustachio
D:7:      lemuel_doored_altar
D:8:      nicolae_dithmenos_through_a_glass_darkly, hangedman_pestilent_swarm,
          hangedman_decor_opposing, uniq_erica
D:9:      serial_shops, shop, lemuel_another_geyser
D:10:     erik_lair_island, uniq_psyche
D:11:     stair_cage_wide
D:12:     hiddenorc2_lemuel
D:13:     grunt_vaults_entry_tiered, minmay_lizard_king, uniq_nessos
Lair:1:   special_room, grunt_megastairs_2
Lair:2:   portal_ice_cave_entry_pillars_1, beast_lair_carwin_7,
          grunt_megastairs_3
Lair:3:   lab_entry_generic, st_stairs_11, uniq_urug
Lair:4:   onia_ninara_swampy_vault, swamp_mist, spider_nest_entry_rubble,
          cheibrodos_lair_lostbears, uniq_kirke, uniq_harold
Lair:5:   slime_altar_1, serial_bayou_shore_a
Lair:6:   gammafunk_lair_ancient_temple
Orc:1:    serial_shops, nicolae_shop_behind_doors, uniq_josephine
Orc:2:    kennysheep_orc_mage_school, serial_shops, shop
Lab:      nicolae_lab_x, nicolae_lab_do_over, lab_block
IceCv:    ice_cave_small_giant
